 Dungeon Crawl Stone Soup version 0.22-a0-179-gb5258fd (webtiles) character file.

1477 wolfsongas the Thaumaturge (level 8, 0/58 HPs)
             Began as a Gnoll Wanderer on Feb 13, 2018.
             Slain by a wight
             ... wielding a +5 morningstar
              (2 damage)
             ... on level 6 of the Dungeon.
             The game lasted 00:11:14 (4378 turns).

wolfsongas the Thaumaturge (Gnoll Wanderer)         Turns: 4378, Time: 00:11:14

Health: 0/58       AC:  9    Str: 18    XL:     8   Next: 78%
Magic:  28/29      EV: 10    Int: 17    God:
Gold:   294        SH:  3    Dex: 13    Spells: 21/23 levels left

rFire    . . .     SeeInvis .   g - +0 long sword
rCold    . . .     Gourm    .   t - +0 buckler
rNeg     . . .     Faith    .   q - +0 ring mail
rPois    .         Spirit   .   (no helmet)
rElec    .         Reflect  .   (no cloak)
rCorr    .         Harm     .   n - +0 pair of gloves
MR       .....                  o - +2 pair of boots
Stlth    +.........             j - amulet of regeneration
HPRegen  0.59/turn              i - +2 ring of intelligence
MPRegen  0.21/turn              k - ring of magical power

@: very heavily drained
A: distributed training, fangs 1, strong nose
a: no special abilities


You were on level 6 of the Dungeon.
You were not hungry.

You visited 1 branch of the dungeon, and saw 6 of its levels.

You collected 294 gold pieces.

Inventory:

Hand Weapons
 b - a +2 blowgun
 g - a +0 long sword (weapon)
Missiles
 a - 4 curare-tipped needles
 m - 2 needles of sleeping
Armour
 n - a +0 pair of gloves (worn)
 o - a +2 pair of boots (worn)
 q - a +0 ring mail (worn)
 t - a +0 buckler (worn)
Magical Staves
 s - an uncursed staff of earth
Jewellery
 i - a +2 ring of intelligence (left hand)
 j - an amulet of regeneration (around neck)
 k - a ring of magical power (right hand)
Scrolls
 e - 2 scrolls of magic mapping
 p - a scroll of teleportation
 r - a scroll of identify
Books
 c - a book of Callings

   Spells                             Type                      Level
   a - Summon Small Mammal            Summoning                    1
   b - Call Imp                       Summoning                    2
   c - Call Canine Familiar           Summoning                    3
   d - Summon Guardian Golem          Hexes/Summoning              3
   e - Summon Lightning Spire         Summoning/Air                4
   f - Summon Ice Beast               Ice/Summoning                4
 d - Sif Muna's Compendium of Cold

   Spells                             Type                      Level
   a - Throw Frost                    Conjuration/Ice              2
   b - Ensorcelled Hibernation        Hexes/Ice                    2
Comestibles
 f - 13 rations
 h - 4 chunks of flesh


   Skills:
 + Level 3.5(0.5) Fighting
 + Level 3.5(0.5) Short Blades
 + Level 7.5(4.2) Long Blades
 + Level 3.5(0.5) Axes
 + Level 3.5(0.5) Maces & Flails
 + Level 3.5(0.5) Polearms
 + Level 3.5(0.5) Staves
 + Level 3.5(0.5) Slings
 + Level 3.5(0.5) Bows
 + Level 3.5(0.5) Crossbows
 + Level 4.4(1.4) Throwing
 + Level 3.5(0.5) Armour
 + Level 3.5(0.5) Dodging
 + Level 3.5(0.5) Stealth
 + Level 3.5(0.5) Shields
 + Level 3.5(0.5) Unarmed Combat
 + Level 8.0(4.7) Spellcasting
 + Level 2.9(0.0) Conjurations
 + Level 2.9(0.0) Hexes
 + Level 2.9(0.0) Charms
 + Level 2.9(0.0) Summonings
 + Level 2.9(0.0) Necromancy
 + Level 2.9(0.0) Translocations
 + Level 2.9(0.0) Transmutations
 + Level 2.9(0.0) Fire Magic
 + Level 4.8(1.8) Ice Magic
 + Level 2.9(0.0) Air Magic
 + Level 2.9(0.0) Earth Magic
 + Level 2.9(0.0) Poison Magic
 + Level 3.9(0.9) Invocations
 + Level 4.4(1.4) Evocations


You had 21 spell levels left.
You knew the following spells:

 Your Spells              Type           Power        Failure   Level  Hunger
a - Throw Frost           Conj/Ice       #.....       38%         2    #......


Dungeon Overview and Level Annotations

Branches:
Dungeon (6/15)
 Temple: D:4-7

Altars:
Gozag
Hepliaklqana
Nemelex Xobeh
Trog

Shops:
D:2 *


Innate Abilities, Weirdness & Mutations

Your experience applies equally to all skills.
You have very sharp teeth.
Your uncanny sense of smell can sniff out nearby items.


Message History

Okay, then.
Okay, then.
You feel better. The wight hits you with a flail.
* * * LOW HITPOINT WARNING * * *
You feel drained.
* * * LOW HITPOINT WARNING * * *
The crimson imp hits you but does no damage.
The wight hits you with an enchanted morningstar.
* * * LOW HITPOINT WARNING * * *
You feel drained.
You feel better.
The crimson imp hits you but does no damage.
The wight hits you but does no damage. The wight barely misses you.
You hit the wight but do no damage.
The wight is almost destroyed.
The crimson imp barely misses you. The wight closely misses you.
The wight hits you with an enchanted morningstar!
* * * LOW HITPOINT WARNING * * *
You feel drained.
You die...

.##......# ####.##<.....#
#....######..#######
#.#... ...#.........
..####.#.#####.#.########
........................
....##+#...#########.#..
# #....5..####
#....z@....#
......z........
............#.#
##..........+ .
............#
............+
....=.......#
............#


You could see 2 wights and a crimson imp.

Vanquished Creatures
  The ghost of wolfsongas the Sneak, an amateur GnWn of Okawaru (D:4)
  An ice beast (D:3)
  3 ogres (D:4)
  2 centaurs
  A wyvern skeleton (D:6)
  5 wights
  A jelly (D:5)
  A bullfrog skeleton (D:5)
  4 orc priests
  2 orc wizards
  An iguana (D:4)
  4 worker ants
  A killer bee zombie (D:5)
  A hound zombie (D:6)
  A hound skeleton (D:4)
  A worker ant zombie (D:5)
  A gnoll (D:1)
  4 adders
  3 dart slugs
  2 leopard geckos
  10 orcs
  2 ball pythons
  5 goblins
  3 hobgoblins
  9 jackals
  4 bats
  2 frilled lizards
  6 kobolds
  12 rats
93 creatures vanquished.

Notes
Turn   | Place    | Note
-------+----------+-------------------------------------------
     0 | D:1      | wolfsongas the Gnoll Wanderer began the quest for the Orb.
     0 | D:1      | wolfsongas set off with: 4 curare-tipped needles, a +2 blowgun, a +0 falchion, Sif Muna's Compendium of Cold, a +0 robe, a ration
     0 | D:1      | Reached XP level 1. HP: 13/13 MP: 8/8
     0 | D:1      | Identified Sif Muna's Compendium of Cold
   319 | D:1      | Reached XP level 2. HP: 15/19 MP: 10/10
   780 | D:1      | Reached XP level 3. HP: 18/25 MP: 11/11
   991 | D:1      | Learned a level 2 spell: Throw Frost
  1120 | D:2      | Reached skill level 1 in Invocations
  1444 | D:2      | Found a bloodstained altar of Trog.
  1475 | D:2      | Reached skill level 1 in Fighting
  1475 | D:2      | Reached skill level 1 in Short Blades
  1475 | D:2      | Reached skill level 1 in Axes
  1475 | D:2      | Reached skill level 1 in Maces & Flails
  1475 | D:2      | Reached skill level 1 in Polearms
  1475 | D:2      | Reached skill level 1 in Staves
  1475 | D:2      | Reached skill level 1 in Slings
  1475 | D:2      | Reached skill level 1 in Bows
  1475 | D:2      | Reached skill level 1 in Crossbows
  1475 | D:2      | Reached skill level 1 in Armour
  1475 | D:2      | Reached skill level 1 in Dodging
  1475 | D:2      | Reached skill level 1 in Stealth
  1475 | D:2      | Reached skill level 1 in Shields
  1475 | D:2      | Reached skill level 1 in Unarmed Combat
  1521 | D:2      | Found an opulent altar of Gozag.
  1523 | D:2      | Found Gozag's Platinum Reserve.
  1533 | D:2      | Reached XP level 4. HP: 32/32 MP: 13/13
  1717 | D:3      | Noticed an ice beast
  1734 | D:3      | Killed an ice beast
  1734 | D:3      | Reached skill level 1 in Conjurations
  1734 | D:3      | Reached skill level 1 in Hexes
  1734 | D:3      | Reached skill level 1 in Charms
  1734 | D:3      | Reached skill level 1 in Summonings
  1734 | D:3      | Reached skill level 1 in Necromancy
  1734 | D:3      | Reached skill level 1 in Translocations
  1734 | D:3      | Reached skill level 1 in Transmutations
  1734 | D:3      | Reached skill level 1 in Fire Magic
  1734 | D:3      | Reached skill level 1 in Air Magic
  1734 | D:3      | Reached skill level 1 in Earth Magic
  1734 | D:3      | Reached skill level 1 in Poison Magic
  1734 | D:3      | Reached XP level 5. HP: 3/37 MP: 14/14
  2307 | D:4      | Noticed a centaur
  2317 | D:4      | Killed a centaur
  2317 | D:4      | Reached XP level 6. HP: 31/44 MP: 16/16
  2480 | D:4      | Noticed wolfsongas's ghost (amateur GnWn)
  2522 | D:4      | Killed wolfsongas's ghost
  2522 | D:4      | Reached XP level 7. HP: 43/50 MP: 18/18
  3196 | D:5      | Entered Level 5 of the Dungeon
  3268 | D:5      | Found a sparkling altar of Nemelex Xobeh.
  3282 | D:5      | Reached XP level 8. HP: 52/57 MP: 19/19
  4084 | D:5      | Reached skill level 8 in Spellcasting
  4098 | D:5      | Found a hazy altar of Hepliaklqana.
  4375 | D:6      | HP: 1/58 [wight/enchanted morningstar (10)]
  4378 | D:6      | Slain by a wight

Vault maps used:
D:1:      scummos_arrival_simple_fountains, serial_park_tiny_1, minmay_ruptured
D:2:      nicolae_gozag_zags_fifth_avenue, bloody_trog
D:3:      nrook_uturn
D:5:      nicolae_overflow_crystal_walls, nemelex_xobeh_ov_fountains_minmay,
          first_ration
D:6:      temple_doors_ab, uniq_duvessa

Skill      XL: |  1  2  3  4  5  6  7  8 |
---------------+-------------------------+-----
Invocations    | 1 2 3 |  3.9
Fighting       | 1 2 3 |  3.5
Short Blades   | 1 2 3 |  3.5
Axes           | 1 2 3 |  3.5
Maces & Flails | 1 2 3 |  3.5
Polearms       | 1 2 3 |  3.5
Staves         | 1 2 3 |  3.5
Slings         | 1 2 3 |  3.5
Bows           | 1 2 3 |  3.5
Crossbows      | 1 2 3 |  3.5
Armour         | 1 2 3 |  3.5
Dodging        | 1 2 3 |  3.5
Stealth        | 1 2 3 |  3.5
Shields        | 1 2 3 |  3.5
Unarmed Combat | 1 2 3 |  3.5
Throwing       | 3 4 |  4.4
Conjurations   | 1 2 |  2.9
Hexes          | 1 2 |  2.9
Charms         | 1 2 |  2.9
Summonings     | 1 2 |  2.9
Necromancy     | 1 2 |  2.9
Translocations | 1 2 |  2.9
Transmutations | 1 2 |  2.9
Fire Magic     | 1 2 |  2.9
Air Magic      | 1 2 |  2.9
Earth Magic    | 1 2 |  2.9
Poison Magic   | 1 2 |  2.9
Evocations     | 3 4 |  4.4
Ice Magic      | 4 |  4.8
Long Blades    | 7 |  7.5
Spellcasting   | 8 |  8.0

Action                   |  1- 3 |  4- 6 |  7- 9 || total
-------------------------+-------+-------+-------++-------
Melee: Falchion          |    89 |    85 |   105 ||   279
       Bite              |     7 |     7 |    30 ||    44
       Punch             |       |     1 |       ||     1
       Long sword        |       |       |   123 ||   123
 Cast: Throw Frost       |       |     1 |    26 ||    27
  Use: Scroll            |     8 |     3 |     5 ||    16
       Potion            |     1 |     2 |     5 ||     8
  Eat: Chunk             |     2 |     3 |     3 ||     8
       Ration            |       |       |     1 ||     1
Armor: Robe              |     5 |       |       ||     5
       Leather armour    |    36 |    12 |       ||    48
       Chain mail        |       |    13 |     9 ||    22
       Skin              |       |    16 |       ||    16
       Ring mail         |       |       |    86 ||    86
Dodge: Dodged            |    66 |    32 |   157 ||   255
Block: Buckler           |       |       |    12 ||    12
       Rpst.: Falchion   |    19 |     9 |    17 ||    45
       Long sword        |       |       |    33 ||    33

Table legend:
 A = Spawn XP
 B = Non-spawn XP
 C = Spawn XP percentage of total XP
 D = Spawn monster count
 E = Non-spawn monster count
 F = Spawn count percentage of total count
 G = Total turns spent on level
                    A         B        C        D         E        F      G
               +---------+---------+-------+---------+---------+-------+---------
         Total |       0 |    2110 |   0.0 |       0 |      93 |   0.0 |  4378
               +---------+---------+-------+---------+---------+-------+---------
           D:1 |       0 |      43 |   0.0 |       0 |      18 |   0.0 |  1004
           D:2 |       0 |      55 |   0.0 |       0 |      23 |   0.0 |   644
           D:3 |       0 |     145 |   0.0 |       0 |      10 |   0.0 |   630
           D:4 |       0 |    1127 |   0.0 |       0 |      18 |   0.0 |  1192
           D:5 |       0 |     644 |   0.0 |       0 |      22 |   0.0 |   851
           D:6 |       0 |      96 |   0.0 |       0 |       2 |   0.0 |    57
               +---------+---------+-------+---------+---------+-------+---------
